 Dungeon Crawl Stone Soup version 0.21-a0-525-ga34b322 (webtiles) character file.

6234 sighowe the Cleaver (level 10, 0/78 (79) HPs)
             Began as a Demonspawn Chaos Knight on Dec 8, 2017.
             Slain by a shock serpent (10 damage)
             ... on level 9 of the Dungeon.
             The game lasted 00:46:26 (9565 turns).

sighowe the Cleaver (Demonspawn Chaos Knight)       Turns: 9565, Time: 00:46:29

HP:   0/78 (79)     AC: 10    Str: 11    XL:     10   Next: 62%
MP:   13/13         EV: 18    Int: 18    God:    Xom [......]
Gold: 547           SH:  0    Dex: 16    Spells: 9/9 levels left

rFire    + . .     SeeInvis .   y - +4 battleaxe (chaos)
rCold    . . .     Gourm    .   (shield currently unavailable)
rNeg     . . .     Faith    +   F - +1 scale mail of Impatience {Dex+2}
rPois    .         Spirit   .   (helmet unavailable)
rElec    .         Reflect  .   (no cloak)
rCorr    .         Harm     .   D - +0 pair of gloves
MR       .....                  (no boots)
Stlth    +.........             d - amulet of faith
HPRegen  0.23/turn              r - ring of flight
MPRegen  0.13/turn              x - +3 ring of evasion

@: brilliant
A: horns 3, repulsion field 2, blink, blurry vision 1, demonic guardian 1,
deterioration 1, fire resistance 1, weak 2
a: Blink, Renounce Religion, Evoke Flight


You were on level 9 of the Dungeon.
You worshipped Xom.
You were a very special plaything of Xom.
You were not hungry.

You visited 1 branch of the dungeon, and saw 9 of its levels.

You collected 547 gold pieces.

Inventory:

Hand Weapons
 a - a +0 hand axe of chaos
 y - a +4 battleaxe of chaos (weapon)
 z - a cursed -2 hand axe
 G - a +5 long sword
 H - a +2 war axe
Armour
 b - a +2 leather armour
 m - a +2 leather armour of cold resistance
 o - a +0 pair of gloves
 A - a +0 scale mail
 D - a +0 pair of gloves (worn)
 F - the +1 scale mail of Impatience (worn) {Dex+2}
   (You found it on level 7 of the Dungeon)

   It affects your dexterity (+2).
Magical Staves
 q - an uncursed staff of power
Jewellery
 d - an amulet of faith (around neck)
 l - an uncursed ring of stealth
 r - a ring of flight (left hand)
 v - an uncursed ring of resist corrosion
 x - a +3 ring of evasion (right hand)
Wands
 k - a wand of flame (33)
 w - a wand of iceblast (13)
 I - a wand of scattershot (3)
Scrolls
 i - 2 scrolls of enchant armour {unknown}
 n - 10 scrolls of identify
 p - a scroll of amnesia
 u - 2 scrolls of blinking
 C - a scroll of teleportation
Potions
 e - 2 potions of cancellation
 f - 4 potions of degeneration
 j - 2 potions of berserk rage
 s - 3 potions of brilliance
 t - 2 potions of agility
 B - a potion of resistance
Miscellaneous
 E - a phial of floods
Comestibles
 c - 9 bread rations
 g - a royal jelly
 h - 6 meat rations
 J - 2 fruits


   Skills:
 + Level 7.3 Fighting
 + Level 8.2 Axes
 - Level 2.5 Throwing
 + Level 6.4 Armour
 + Level 6.0 Dodging
 - Level 3.9 Stealth
 + Level 5.2 Evocations


You had 9 spell levels left.
You didn't know any spells.

Dungeon Overview and Level Annotations

Branches:
Dungeon (9/15)             Temple (0/1) D:4
   Lair: D:8-11         Orc: D:9-12

Altars:
Cheibriados
Dithmenos
Nemelex Xobeh
Ru
Sif Muna
Uskayaw
Vehumet
Wu Jian
Xom
Zin


Innate Abilities, Weirdness & Mutations

You have a pair of large horns on your head.
You are surrounded by a moderate repulsion field. (EV +3)
A weak demonic guardian rushes to your aid.
You can translocate small distances at will.
Scrolls take you a little longer to read.
Your body sometimes deteriorates upon taking damage.
Your flesh is heat resistant. (rF+)
You are very weak. (Str -4)


Message History

The shock serpent is moderately wounded.
Your ufetubus disappears in a puff of smoke!
The shock serpent shoots out a bolt of lightning at you!
The bolt of electricity hits you! x2
You slash the shock serpent!
The shock serpent is heavily wounded.
The shock serpent's electric aura discharges, shocking you!
* * * LOW HITPOINT WARNING * * *
The shock serpent bites you but does no damage.
The shock serpent closely misses you.
Your white imp hits the yak but does no damage.
Xom smiles on you.
You feel clever all of a sudden.
You are now a very special plaything of Xom.
Your white imp hits the yak but does no damage.
The shock serpent bites you!
* * * LOW HITPOINT WARNING * * *
The shock serpent shocks you!
You die...
Xom roars with laughter!

#.##.##.##.##
.##.......##.#
.......#####.#
.##...## #.#
###.### #.#
#.....# #.#
#.....# #.#####
#.....# #.....#
#.....# #####@#
#.....# #S#
###.### #Y# #..#
5Y. ##.# ....#
###.### ...._#
#.._._#####.####
##.#.#.....#.
###..#.#.<.#.#.


You could see a shock serpent, 2 yaks and a friendly white imp.

Vanquished Creatures
  A two-headed ogre (D:7)
  The ghost of nomadicburrito the Blocker, a novice MiFi of Okawaru (D:7)
  An ugly thing (D:7)
  2 hippogriffs
  A spriggan (D:7)
  2 yaks (D:9)
  A hungry ghost (D:8)
  A water moccasin (D:5)
  3 orc warriors
  An ice beast (D:5)
  A sky beast (D:8)
  A phantom (D:6)
  An ogre (D:6)
  A big kobold (D:8)
  4 bullfrogs
  A gnoll sergeant (D:8)
  2 scorpions (D:5)
  2 killer bees (D:8)
  A killer bee (shapeshifter) (D:6)
  4 wights (D:7)
  2 howler monkeys
  A bullfrog zombie (D:5)
  2 crimson imps (D:5)
  A centaur zombie (D:8)
  4 hounds
  2 orc priests
  A bullfrog skeleton (D:6)
  5 jellies
  2 centaur skeletons
  An iron imp (D:7)
  3 iguanas
  9 orc wizards
  4 worker ants
  A hound zombie (D:6)
  4 hound skeletons
  11 adders
  13 gnolls
  2 shadow imps
  An adder zombie (D:7)
  2 worms (D:3)
  2 dart slugs (D:1)
  5 leopard geckos
  20 orcs
  2 giant cockroaches
  6 goblins
  6 hobgoblins (D:1)
  7 jackals
  2 quokkas (D:6)
  2 ball pythons
  3 bats
  2 frilled lizards (D:1)
  13 kobolds
  A leopard gecko skeleton (D:7)
  A quokka zombie (D:7)
  5 rats
180 creatures vanquished.

Vanquished Creatures (collateral kills)
  A two-headed ogre (D:8)
  The ghost of slep the Chopper, an amateur VSGl (D:4)
  An orc warrior (D:8)
  A centaur (D:5)
  A scorpion (D:7)
  2 orc wizards
  3 gnolls
  An orc (D:4)
  A goblin (D:3)
  A kobold (D:8)
13 creatures vanquished.

Grand Total: 193 creatures vanquished

Notes
Turn   | Place    | Note
-------+----------+-------------------------------------------
     0 | D:1      | sighowe the Demonspawn Chaos Knight began the quest for the Orb.
     0 | D:1      | Reached XP level 1. HP: 18/18 MP: 1/1
    13 | D:1      | XOM: potion effect (heal wounds)
    22 | D:1      | Reached skill level 1 in Dodging
    22 | D:1      | Gained mutation: A weak demonic guardian rushes to your aid. [demonic ancestry]
    22 | D:1      | Reached XP level 2. HP: 24/24 MP: 2/2
   122 | D:1      | XOM: divination: detect creatures
   150 | D:1      | Reached skill level 3 in Axes
   169 | D:1      | XOM: divination: detect items
   350 | D:1      | XOM: 2-stop teleportation journey
   362 | D:1      | XOM: smoke on damage
   400 | D:1      | XOM: give mutation
   400 | D:1      | Gained mutation: You are robust. (+10% HP) [Xom's grace]
   662 | D:1      | Reached XP level 3. HP: 31/31 MP: 3/3
   837 | D:1      | XOM: stat loss: -1 Str (9/13)
  1093 | D:3      | Found a snail-covered altar of Cheibriados.
  1285 | D:3      | Gained mutation: You have a pair of small horns on your head. [demonic ancestry]
  1285 | D:3      | Reached XP level 4. HP: 32/38 MP: 4/4
  1368 | D:3      | XOM: medium Fire miscast
  1459 | D:3      | XOM: 1-stop teleportation journey
  1909 | D:3      | Reached XP level 5. HP: 33/45 MP: 5/5
  2143 | D:4      | Found a glowing silver altar of Zin.
  2155 | D:4      | Reached skill level 1 in Stealth
  2167 | D:4      | Reached skill level 4 in Axes
  2198 | D:4      | Noticed slep's ghost (amateur VSGl)
  2201 | D:4      | XOM: give mutation
  2201 | D:4      | Gained mutation: You are dopey. (Int -2) [Xom's mischief]
  2204 | D:4      | XOM: swap monsters
  2209 | D:4      | HP: 1/45 [slep's ghost (12)]
  2217 | D:4      | Killed slep's ghost
  2447 | D:4      | XOM: noise
  2527 | D:4      | Found a staircase to the Ecumenical Temple.
  2543 | D:4      | Gained mutation: You are surrounded by a mild repulsion field. (EV +2) [demonic ancestry]
  2543 | D:4      | Reached XP level 6. HP: 49/52 MP: 6/6
  2546 | D:4      | Found an ornate altar of the Wu Jian Council.
  2584 | D:4      | XOM: enchant monster (good)
  3281 | D:5      | Entered Level 5 of the Dungeon
  3281 | D:5      | Found a sparkling altar of Nemelex Xobeh.
  3289 | D:5      | XOM: confusion
  3290 | D:5      | XOM: harmless Hex miscast
  3465 | D:5      | Found a shimmering altar of Xom.
  3465 | D:5      | XOM: 2-stop teleportation journey
  3530 | D:5      | Found a shadowy altar of Dithmenos.
  3533 | D:5      | Gained mutation: You are surrounded by a moderate repulsion field. (EV +3) [demonic ancestry]
  3533 | D:5      | Reached XP level 7. HP: 50/58 MP: 7/7
  3841 | D:5      | Reached skill level 1 in Throwing
  3918 | D:5      | Reached skill level 5 in Axes
  4093 | D:5      | XOM: swap monsters
  4330 | D:5      | XOM: give mutation
  4330 | D:5      | Gained mutation: You have a pair of horns on your head. [Xom's grace]
  4625 | D:5      | Mutation became permanent: You have a pair of small horns on your head. [demonic ancestry]
  4625 | D:5      | Gained mutation: You have a pair of horns on your head. [demonic ancestry]
  4625 | D:5      | Reached XP level 8. HP: 64/66 MP: 8/8
  4627 | D:5      | Lost mutation: You are dopey. (Int -2) [potion of mutation]
  4627 | D:5      | Lost mutation: You are robust. (+10% HP) [potion of mutation]
  4627 | D:5      | Gained mutation: You are dopey. (Int -2) [potion of mutation]
  4627 | D:5      | Gained mutation: Your body sometimes deteriorates upon taking damage. [potion of mutation]
  4627 | D:5      | Gained mutation: You have large cloven feet. [potion of mutation]
  4628 | D:5      | Lost mutation: You have large cloven feet. [potion of mutation]
  4628 | D:5      | Lost mutation: Your body sometimes deteriorates upon taking damage. [potion of mutation]
  4628 | D:5      | Gained mutation: You have sharp toenails. [potion of mutation]
  4628 | D:5      | Gained mutation: Your flesh is heat resistant. (rF+) [potion of mutation]
  4628 | D:5      | Gained mutation: You evolve. [potion of mutation]
  4628 | D:5      | Gained mutation: You can translocate small distances at will. [potion of mutation]
  4662 | D:6      | XOM: blink monster(s)
  4704 | D:6      | XOM: polymorph ufetubus -> shadow imp
  5018 | D:6      | XOM: 1-stop teleportation journey
  5027 | D:6      | Reached skill level 6 in Axes
  5033 | D:6      | XOM: harmless Summ miscast
  5099 | D:6      | XOM: severe Fire miscast
  5381 | D:6      | XOM: chaos upgrade
  5383 | D:6      | XOM: polymorph ufetubus -> white imp
  5386 | D:6      | XOM: blink monster(s)
  5411 | D:6      | XOM: 5-stop teleportation journey
  5607 | D:6      | XOM: noise
  5971 | D:6      | Found a hide-covered altar of Uskayaw.
  6286 | D:7      | Reached skill level 5 in Fighting
  6286 | D:7      | Reached skill level 1 in Evocations
  6291 | D:7      | Noticed a two-headed ogre
  6293 | D:7      | Noticed nomadicburrito's ghost (novice MiFi)
  6294 | D:7      | Killed a two-headed ogre
  6294 | D:7      | Reached skill level 7 in Axes
  6294 | D:7      | Gained mutation: You have a pair of large horns on your head. [demonic ancestry]
  6294 | D:7      | Reached XP level 9. HP: 57/68 MP: 8/10
  6305 | D:7      | Killed nomadicburrito's ghost
  6305 | D:7      | Reached skill level 5 in Armour
  6334 | D:7      | XOM: polymorph shadow imp -> iron imp
  6335 | D:7      | XOM: swap monsters
  6483 | D:7      | XOM: stat loss: -1 Dex (13/14)
  6506 | D:7      | Found a runed door.
  6506 | D:7      | Noticed a cyan ugly thing
  6509 | D:7      | XOM: 3-stop teleportation journey
  6588 | D:7      | XOM: give mutations
  6588 | D:7      | Lost mutation: You evolve. [Xom's mischief]
  6588 | D:7      | Gained mutation: You are weak. (Str -2) [Xom's mischief]
  6600 | D:7      | Killed a cyan ugly thing
  6600 | D:7      | Reached skill level 5 in Dodging
  6613 | D:7      | Got an ichor-stained scale mail
  6687 | D:7      | XOM: smoke on damage
  6687 | D:7      | XOM: torment (28/71 hp)
  6691 | D:7      | XOM: harmless Fire miscast
  6820 | D:7      | XOM: give mutation
  6820 | D:7      | Lost mutation: You are dopey. (Int -2) [Xom's mischief]
  6970 | D:7      | XOM: give mutations
  6970 | D:7      | Gained mutation: Your body sometimes deteriorates upon taking damage. [Xom's mischief]
  6970 | D:7      | Lost mutation: You have sharp toenails. [Xom's mischief]
  6970 | D:7      | Gained mutation: You are very weak. (Str -4) [Xom's mischief]
  6987 | D:7      | Identified the +1 scale mail of Impatience {Dex+2} (You found it on level 7 of the Dungeon)
  7094 | D:7      | Found a sacrificial altar of Ru.
  7132 | D:7      | Reached XP level 10. HP: 58/77 MP: 13/13
  7309 | D:7      | XOM: give mutations
  7309 | D:7      | Gained mutation: You occasionally shout uncontrollably at your foes. [Xom's mischief]
  7309 | D:7      | Gained mutation: Scrolls take you a little longer to read. [Xom's mischief]
  7309 | D:7      | Lost mutation: You occasionally shout uncontrollably at your foes. [Xom's mischief]
  7324 | D:7      | XOM: mild Necr miscast
  7343 | D:7      | XOM: summons 4 hostile shadow creatures
  7351 | D:7      | XOM: severe Necr miscast
  7352 | D:7      | Noticed a reaper
  7420 | D:7      | XOM: 8-stop teleportation journey
  7735 | D:7      | Found a deep blue altar of Sif Muna.
  8121 | D:8      | XOM: medium Tloc miscast
  8328 | D:8      | XOM: 8-stop teleportation journey
  8380 | D:8      | XOM: summons friendly crimson imp
  8506 | D:8      | XOM: polymorph orc wizard -> howler monkey
  8689 | D:8      | Noticed a two-headed ogre
  8691 | D:8      | XOM: cast spell 'Disjunction'
  8701 | D:8      | XOM: cast spell 'Summon Ice Beast'
  8703 | D:8      | Killed a two-headed ogre
  8703 | D:8      | Reached skill level 8 in Axes
  8771 | D:8      | XOM: 1-stop teleportation journey
  8860 | D:8      | XOM: 2-stop teleportation journey
  8863 | D:8      | XOM: divination: magic mapping
  8866 | D:8      | Reached skill level 5 in Evocations
  9118 | D:8      | XOM: 1-stop teleportation journey
  9150 | D:8      | XOM: god gift: scroll of teleportation
  9203 | D:8      | XOM: polymorph gnoll -> bat
  9206 | D:8      | XOM: polymorph gnoll -> hound
  9213 | D:8      | XOM: divination: detect creatures
  9416 | D:8      | XOM: cloud trail
  9494 | D:9      | Found a radiant altar of Vehumet.
  9494 | D:9      | XOM: stealth player
  9499 | D:9      | XOM: scenery: create altars
  9561 | D:9      | XOM: scenery: create altars
  9563 | D:9      | Noticed a shock serpent
  9563 | D:9      | a yak changed into a shock serpent
  9565 | D:9      | XOM: potion effect (brilliance)
  9565 | D:9      | Slain by a shock serpent

Vault maps used:
D:1:      shiori_shiawase
D:2:      lemuel_doored_altar, first_bread, uniq_natasha
D:3:      marbit_many_paths
D:4:      lemuel_round_altar, old_standard_altar, temple_statues
D:5:      nicolae_dithmenos_shadow_blocks, lemuel_round_altar,
          nemelex_xobeh_ov_fountains_minmay
D:6:      kennysheep_mini_moat
D:7:      minmay_the_grid_square_5x5_3x3, led_sif_book,
          nicolae_ru_great_annihilating_truth, the_bakery,
          roderic_serpentine_path
D:8:      grunt_decor_resistance
D:9:      lemuel_crystal_altar, kennysheep_orc_monster_closet_entryway

Skill      XL: |  1  2  3  4  5  6  7  8  9 10 |
---------------+-------------------------------+-----
Dodging        | 1 2 3 4 5 6 |  6.0
Armour         | 2 3 4 5 6 |  6.4
Axes           | 3 4 5 7 8 |  8.2
Stealth        | 1 2 3 |  3.9
Throwing       | 2 |  2.5
Fighting       | 4 5 6 7 |  7.3
Evocations     | 2 4 5 |  5.2

Action                   |  1- 3 |  4- 6 |  7- 9 | 10-12 || total
-------------------------+-------+-------+-------+-------++-------
Melee: Hand axe          |    93 |    88 |   138 |       ||   319
       Staff             |       |    10 |       |       ||    10
       Headbutt          |       |    10 |    41 |    20 ||    71
       Kick              |       |       |    31 |       ||    31
       Battleaxe         |       |       |    74 |   180 ||   254
Throw: Tomahawk          |       |    16 |    11 |    10 ||    37
       Javelin           |       |     3 |    14 |     6 ||    23
 Abil: Blink             |       |       |     1 |       ||     1
Evoke: Wand              |       |     1 |     2 |     6 ||     9
  Use: Potion            |     2 |     6 |     6 |     1 ||    15
       Scroll            |       |     6 |     2 |     5 ||    13
 Stab: Confused          |     1 |       |       |       ||     1
       Petrifying        |       |     2 |       |       ||     2
       Petrified         |       |     7 |       |     2 ||     9
       Sleeping          |       |     2 |     6 |       ||     8
       Paralysed         |       |       |     2 |     1 ||     3
       Distracted        |       |       |     1 |     1 ||     2
       Invisible         |       |       |       |     1 ||     1
  Eat: Chunk             |     1 |       |     4 |     2 ||     7
       Bread ration      |       |     2 |     1 |     1 ||     4
       Royal jelly       |       |       |     1 |     1 ||     2
Armor: Leather armour    |    38 |    25 |    21 |       ||    84
       Scale mail        |       |       |    17 |    70 ||    87
Dodge: Dodged            |    72 |    74 |   158 |   186 ||   490

Table legend:
 A = Spawn XP
 B = Non-spawn XP
 C = Spawn XP percentage of total XP
 D = Spawn monster count
 E = Non-spawn monster count
 F = Spawn count percentage of total count
 G = Total turns spent on level
                    A         B        C        D         E        F      G
               +---------+---------+-------+---------+---------+-------+---------
         Total |       0 |    8906 |   0.0 |       0 |     193 |   0.0 |  9565
               +---------+---------+-------+---------+---------+-------+---------
           D:1 |       0 |      49 |   0.0 |       0 |      29 |   0.0 |   983
           D:2 |       0 |       6 |   0.0 |       0 |       4 |   0.0 |    46
           D:3 |       0 |     146 |   0.0 |       0 |      18 |   0.0 |  1075
           D:4 |       0 |     330 |   0.0 |       0 |      15 |   0.0 |  1177
           D:5 |       0 |     936 |   0.0 |       0 |      25 |   0.0 |  1372
           D:6 |       0 |     836 |   0.0 |       0 |      22 |   0.0 |  1586
           D:7 |       0 |    3635 |   0.0 |       0 |      37 |   0.0 |  1773
           D:8 |       0 |    2546 |   0.0 |       0 |      41 |   0.0 |  1482
           D:9 |       0 |     422 |   0.0 |       0 |       2 |   0.0 |    71
               +---------+---------+-------+---------+---------+-------+---------
